 Dungeon Crawl Stone Soup version 0.30-a0-169-g06f667207d (webtiles) character file.

Game seed: 11208708260065402985

770 qw the Chopper (level 7, -1/44 HPs)
             Began as a Gargoyle Fighter on Sept 30, 2022.
             Slain by an orc
             ... wielding a +0 trident
              (3 damage)
             ... on level 5 of the Dungeon.
             The game lasted 00:01:38 (5618 turns).

qw the Chopper (Gargoyle Fighter)                   Turns: 5618, Time: 00:01:39

Health: -1/44      AC: 15    Str: 22    XL:     7   Next: 83%
Magic:  7/7        EV:  8    Int:  8    God:
Gold:   268        SH:  5    Dex: 15    Spells: 6/6 levels left

rFire   . . .      SeeInvis .    q - +0 broad axe
rCold   . . .      Faith    .    c - +0 buckler
rNeg    + . .      Spirit   .    a - +0 chain mail
rPois   inf        Reflect  .    (no helmet)
rElec   +          Harm     .    (no cloak)
rCorr   .          Rampage  .    (no gloves)
Will    .....                    o - +0 pair of boots
Stlth   ..........               (no amulet)
HPRegen 0.14/turn                b - +6 ring of dexterity
MPRegen 0.10/turn                (no ring)

@: no status effects
A: sickness immunity, AC +4, negative energy resistance 1, electricity
resistance, torment resistance 1, petrification resistance
a: no special abilities


You were on level 5 of the Dungeon.
You visited 1 branch of the dungeon, and saw 5 of its levels.

You collected 268 gold pieces.


Innate Abilities, Weirdness & Mutations

You are immune to sickness and miasma.
Your stone body is resilient. (AC +4)
You are immune to poison.
You resist negative energy. (rN+)
You are resistant to electric shocks. (rElec)
You are resistant to unholy torment.
You are immune to petrification.


   Skills:
 + Level 4.8 Fighting
 - Level 7.1 Axes
 - Level 3.2 Armour
 - Level 1.2 Dodging
 - Level 3.2 Shields


You had 6 spell levels left.
You didn't know any spells.
Your spell library was empty.

Inventory:

Hand Weapons
 j - a +0 morningstar
 q - a +0 broad axe (weapon)
Missiles
 m - 4 boomerangs (quivered)
Armour
 a - a +0 chain mail (worn)
 c - a +0 buckler (worn)
 o - a +0 pair of boots (worn)
Jewellery
 b - a +6 ring of dexterity (left hand)
 i - a ring of fire
Scrolls
 f - a scroll of identify
 p - 2 scrolls of amnesia {unknown}
Potions
 d - 2 potions of might
 e - 3 potions of attraction
 g - a potion of resistance {unknown}
 h - a potion of invisibility {unknown}
 k - 2 potions of curing {unknown}
 l - a potion of haste {unknown}
 n - a potion of lignification {unknown}

Dungeon Overview and Level Annotations

Branches:
Dungeon (5/15)
 Temple: D:4-7

Altars:
Nemelex Xobeh
Qazlal
Sif Muna
Uskayaw
Vehumet

Shops:
D:1 [   D:3 :

Annotations:
D:5 2 transporters, qw's ghost, novice GrFi


Message History

The orc hits you but does no damage.
You hit the orc priest but do no damage.
You slash the orc!
You kill the orc!
The orc priest calls down the wrath of Beogh upon you.
Beogh smites you!
An orc comes into view. It is wielding a +0 trident.
The orc priest looks braver for a moment.
The orc shouts!
You slash the orc priest!
The orc priest is heavily wounded.
You slash the ogre! The orc priest barely misses you.
You block the ogre's attack. The orc hits you but does no damage.
The orc priest zaps a wand.
The roots erupt in riotous growth!
The ogre is unaffected.
The orc priest is unaffected.
The grasping roots grab you! The grasping roots constrict you.
The orc priest hits you but does no damage.
You closely miss the orc priest.
The orc priest is heavily wounded.
You hit the ogre but do no damage. The ogre closely misses you.
The orc priest mumbles some strange prayers to Beogh against you.
Beogh smites you! The orc closely misses you. The grasping roots constrict you.
You hit the orc priest.
The orc priest is almost dead.
You hit the ogre.
The orc priest hits you but does no damage.
The ogre barely misses you. The orc barely misses you.
The grasping roots constrict you.
The grasping roots release their grip on you.
You slash the orc priest!
You kill the orc priest!
You slash the ogre!
The orc hits you from afar with a +0 trident.
The ogre barely misses you.
The orc priest hits you with a +0 flail.
The orc hits you from afar with a +0 trident.
You die...

# #. ###### ..
..... #.
###...###
#.##.o.....#
#.O........##
#.o@........#
###)_..8.._.#
###.###.........#
.................
...###.#)......##
..##.##.#...###
..............#
........###.###
...#..##.# #.#


You could see an ogre, an orc priest and an orc.

Vanquished Creatures
  Sigmund (D:4)
  A black bear (D:5)
  An ogre (D:2)
  A phantom (D:5)
  A scorpion (D:4)
  A hound (D:5)
  A jelly (D:4)
  3 orc priests
  2 orc wizards
  2 gnolls (D:1)
  2 adders
  A white imp (D:4)
  3 worms
  A dart slug (D:1)
  8 orcs
  5 ball pythons
  4 bats
  7 endoplasms
  6 giant cockroaches
  5 goblins
  8 hobgoblins
  7 jackals (D:1)
  5 quokkas
  2 frilled lizards (D:1)
  7 kobolds
  5 rats
90 creatures vanquished.

Vanquished Creatures (others)
  3 fungi (D:4)
  6 plants (D:5)
9 creatures vanquished.

Grand Total: 99 creatures vanquished

Notes
Turn   | Place    | Note
-------+----------+-------------------------------------------
     0 | D:1      | qw the Gargoyle Fighter began the quest for the Orb.
     0 | D:1      | Reached XP level 1. HP: 14/14 MP: 1/1
     0 | D:1      | 0 ||| qw: Version: 0.2-a-12-gaebbb33
     0 | D:1      | 0 ||| qw: Game counter: 1407
     0 | D:1      | 0 ||| qw: Always use a shield: true
     0 | D:1      | 0 ||| qw: God list: Okawaru
     0 | D:1      | 0 ||| qw: Allow faded altars: false
     0 | D:1      | 0 ||| qw: Do Orc after D:15 true
     0 | D:1      | 0 ||| qw: Do second Lair branch before Depths: true
     0 | D:1      | 0 ||| qw: Lair rune preference: random
     0 | D:1      | 0 ||| qw: Plans: Normal, Zot:1-4, God:TSO, Crypt, Tomb,
                  | Pan, Slime:5, Hells, Abyss, Orb
     0 | D:1      | 0 ||| PLANNING D:1-11
    23 | D:1      | 23 ||| Stepping ~*~*~tactically~*~*~ (hiding).
    30 | D:1      | HP: 2/14 [gnoll/+0 spear (3)]
    33 | D:1      | Reached skill level 2 in Axes
    33 | D:1      | Reached XP level 2. HP: 3/19 MP: 2/2
   404 | D:1      | 404 ||| Stepping ~*~*~tactically~*~*~ (hiding).
   676 | D:1      | Found Jewoe's Armour Shoppe.
   708 | D:1      | 708 ||| SHOPLISTING +0 helmet (54 gold, have 27).
   708 | D:1      | 708 ||| SHOPLISTING +2 storm dragon scales (1104 gold, have
                  | 27).
   708 | D:1      | 708 ||| SHOPLISTING +3 chain mail of cold resistance (318
                  | gold, have 27).
   708 | D:1      | 708 ||| SHOPLISTING +3 scale mail of Fun and Games {Slay+3}
                  | (463 gold, have 27).
   729 | D:1      | Reached skill level 3 in Axes
   774 | D:1      | Reached XP level 3. HP: 21/23 MP: 3/3
   801 | D:1      | 801 ||| Stepping ~*~*~tactically~*~*~ (stealth).
  1032 | D:1      | Found a faded altar of an unknown god.
  1049 | D:1      | 1049 ||| Stepping ~*~*~tactically~*~*~ (water).
  1504 | D:1      | 1504 ||| Stepping ~*~*~tactically~*~*~ (stealth).
  1505 | D:1      | 1505 ||| Stepping ~*~*~tactically~*~*~ (stealth).
  1512 | D:1      | 1512 ||| Stepping ~*~*~tactically~*~*~ (stealth).
  1513 | D:1      | 1513 ||| Stepping ~*~*~tactically~*~*~ (stealth).
  1514 | D:1      | 1514 ||| Stepping ~*~*~tactically~*~*~ (stealth).
  1658 | D:1      | 1658 ||| READING scroll labelled FIVURA YZUDAZE.
  1717 | D:2      | Reached XP level 4. HP: 28/28 MP: 4/4
  2036 | D:2      | Reached skill level 4 in Axes
  2037 | D:2      | 2037 ||| Stepping ~*~*~tactically~*~*~ (stealth).
  2214 | D:2      | 2214 ||| DROPPING +1 whip of electrocution.
  2268 | D:2      | Identified the +8 mace of Incongruity {venom, Int+6 Stlth+}
  2270 | D:2      | 2270 ||| DROPPING +8 mace of Incongruity {venom, Int+6
                  | Stlth+}.
  2333 | D:2      | Noticed an ogre
  2334 | D:2      | 2334 ||| Stepping ~*~*~tactically~*~*~ (stealth).
  2347 | D:2      | Killed an ogre
  2348 | D:2      | Reached skill level 5 in Axes
  2348 | D:2      | Reached XP level 5. HP: 27/32 MP: 5/5
  2725 | D:2      | 2725 ||| READING scroll labelled ODOEPE CUAJ.
  2726 | D:2      | 2726 ||| READING scroll labelled AWISUL AFOCKEA.
  2727 | D:2      | 2727 ||| DRINKING 4 metallic red potions.
  3024 | D:3      | 3024 ||| DROPPING +0 flail.
  3217 | D:3      | Reached XP level 6. HP: 35/38 MP: 6/6
  3277 | D:3      | Found Jaoruotsuy's Book Emporium.
  3302 | D:3      | 3302 ||| UPGRADING to +0 chain mail.
  3312 | D:3      | 3312 ||| DROPPING +0 scale mail.
  3704 | D:3      | 3704 ||| READING scroll labelled JAYCWAPN CIRE.
  3705 | D:3      | 3705 ||| READING scroll labelled QIFURE SAODET.
  3709 | D:3      | 3709 ||| READING scroll labelled YSHRIMI RUEMP.
  3710 | D:3      | 3710 ||| DRINKING 2 emerald potions.
  3711 | D:3      | 3711 ||| DROPPING potion of brilliance.
  3766 | D:4      | 3766 ||| Stepping ~*~*~tactically~*~*~ (stealth).
  3816 | D:4      | 3816 ||| Stepping ~*~*~tactically~*~*~ (hiding).
  3913 | D:4      | 3913 ||| Stepping ~*~*~tactically~*~*~ (hiding).
  3992 | D:4      | 3992 ||| FLEEEEING.
  4031 | D:4      | Found a radiant altar of Vehumet.
  4047 | D:4      | 4047 ||| Stepping ~*~*~tactically~*~*~ (stealth).
  4081 | D:4      | Found a sparkling altar of Nemelex Xobeh.
  4161 | D:4      | Noticed Sigmund
  4180 | D:4      | Killed Sigmund
  4181 | D:4      | Reached skill level 6 in Axes
  4181 | D:4      | Reached XP level 7. HP: 18/43 MP: 7/7
  4426 | D:4      | Reached skill level 1 in Dodging
  4742 | D:4      | 4742 ||| READING scroll of enchant weapon.
  4742 | D:4      | 4742 ||| ENCHANTING +1 war axe.
  4916 | D:4      | 4916 ||| UPGRADING to +0 pair of boots.
  4921 | D:4      | 4921 ||| DROPPING +6 ring of intelligence.
  4922 | D:4      | 4922 ||| READING 2 scrolls of identify.
  4922 | D:4      | 4922 ||| IDENTIFYING inky potion
  4923 | D:4      | 4923 ||| DROPPING potion of flight.
  4970 | D:4      | 4970 ||| STAIRDANCE
  4974 | D:4      | 4974 ||| STAIRDANCE
  4978 | D:4      | 4978 ||| STAIRDANCE
  4982 | D:4      | 4982 ||| STAIRDANCE
  4986 | D:4      | 4986 ||| STAIRDANCE
  4990 | D:4      | 4990 ||| STAIRDANCE
  4994 | D:4      | 4994 ||| STAIRDANCE
  4998 | D:4      | 4998 ||| STAIRDANCE
  5002 | D:4      | 5002 ||| STAIRDANCE
  5006 | D:4      | 5006 ||| STAIRDANCE
  5010 | D:4      | 5010 ||| STAIRDANCE
  5014 | D:4      | 5014 ||| STAIRDANCE
  5018 | D:4      | 5018 ||| STAIRDANCE
  5022 | D:4      | 5022 ||| STAIRDANCE
  5026 | D:4      | 5026 ||| STAIRDANCE
  5030 | D:4      | 5030 ||| STAIRDANCE
  5034 | D:4      | 5034 ||| STAIRDANCE
  5038 | D:4      | 5038 ||| STAIRDANCE
  5042 | D:4      | 5042 ||| STAIRDANCE
  5046 | D:4      | 5046 ||| STAIRDANCE
  5164 | D:3      | Found a stormy altar of Qazlal.
  5166 | D:3      | 5166 ||| UPGRADING to +6 ring of dexterity.
  5202 | D:5      | Entered Level 5 of the Dungeon
  5278 | D:5      | Identified the +5 spear of Ascent {vamp, Int+8 Stlth-}
  5278 | D:5      | Identified the +3 kite shield of Vanity {rF- Str+8 SInv}
  5311 | D:5      | Found a transporter.
  5317 | D:5      | Found a transporter.
  5320 | D:5      | Noticed qw's ghost (novice GrFi)
  5345 | D:5      | Reached skill level 7 in Axes
  5589 | D:5      | Found a shimmering blue altar of Sif Muna.
  5589 | D:5      | Found a hide-covered altar of Uskayaw.
  5602 | D:5      | 5602 ||| SWAPPING to +0 broad axe.
  5603 | D:5      | 5603 ||| DROPPING +2 war axe.
  5606 | D:5      | 5606 ||| Stepping ~*~*~tactically~*~*~ (stealth).
  5607 | D:5      | 5607 ||| Stepping ~*~*~tactically~*~*~ (stealth).
  5616 | D:5      | HP: 7/44 [orc priest/divine providence (12)]
  5618 | D:5      | HP: 2/44 [orc priest/+0 flail (4)]
  5618 | D:5      | Slain by an orc

Levels and vault maps discovered:
D:1:      dpeg_arrival_shrine, layout_loops_corners,
          shapermc_ecumenical_altar_notcrosses, serial_shops, shop
D:2:      layout_loops_ring
D:3:      layout_basic, nicolae_overflow_hidden_temple, serial_shops,
          nicolae_diamond_shop
D:4:      layout_loops_ring, lemuel_crystal_altar,
          mainiacjoe_overflow_boulevard, uniq_sigmund
D:5:      layout_loops_ring, grunt_temple_overflow_open,
          gammafunk_ghost_gnarly_gnolls, kennysheep_generic_room_15

Skill      XL: |  1  2  3  4  5  6  7 |
---------------+----------------------+-----
Axes           | 2 3 5 6 7 |  7.1
Fighting       | 4 |  4.8
Dodging        | 1 |  1.2
Armour         | |  3.2
Shields        | |  3.2

Action                   |  1- 3 |  4- 6 |  7- 9 || total
-------------------------+-------+-------+-------++-------
Melee: War axe           |   106 |   125 |    33 ||   264
       Broad axe         |       |       |     9 ||     9
Throw: Boomerang         |       |    46 |    25 ||    71
  Use: Scroll            |     1 |     5 |     2 ||     8
       Potion            |       |     2 |       ||     2
Armor: Scale mail        |    59 |    40 |       ||    99
       Chain mail        |       |    11 |    20 ||    31
Dodge: Dodged            |    46 |    44 |    16 ||   106
Block: Buckler           |    20 |    15 |     8 ||    43

Table legend:
 A = Non-vault XP
 B = Vault XP
 C = Vault XP percentage of total XP
 D = Non-vault monster count
 E = Vault monster count
 F = Vault count percentage of total count
                 A         B        C        D         E       F
            +---------+---------+-------+---------+---------+-------
      Total |     918 |     226 |  19.8 |      89 |       1 |   1.1
            +---------+---------+-------+---------+---------+-------
        D:1 |      80 |       0 |   0.0 |      33 |       0 |   0.0
        D:2 |     188 |       0 |   0.0 |      18 |       0 |   0.0
        D:3 |      76 |       0 |   0.0 |      13 |       0 |   0.0
        D:4 |     255 |     226 |  47.0 |      19 |       1 |   5.0
        D:5 |     319 |       0 |   0.0 |       6 |       0 |   0.0
            +---------+---------+-------+---------+---------+-------
